 Dungeon Crawl Stone Soup version 0.31.0-11-ge490571c62 (webtiles) character file.

Game seed: 17017675392711225084

3875535 jschmitter482 the Ninja (level 27, 133/133 HPs)
             Began as a Spriggan Alchemist on Feb 1, 2024.
             Was the Champion of Dithmenos.
             Escaped with the Orb
             ... and 6 runes
             ... and 5 gems on Feb 2, 2024!
             The game lasted 05:53:49 (96171 turns).

jschmitter482 the Ninja (Spriggan Alchemist)       Turns: 96171, Time: 05:53:50

Health: 133/133    AC: 13    Str:  5 (7)  XL:     27
Magic:  61/61      EV: 42    Int: 34      God:    Dithmenos [******]
Gold:   3518       SH:  0    Dex: 20      Spells: 17/72 levels left

rFire   + + .        M - +9 quick blade (elec)
rCold   + + .        m - orb {guile}
rNeg    + + +        H - +2 robe {rC+ rF+}
rPois   ∞            U - +3 hat of Pondering {ponderous, Will+ MP+10 Int+5}
rElec   +            k - +0 cloak "Xiulat" {Rampage}
rCorr   .            (gloves unavailable)
SInv    +            (boots unavailable)
Will    +++++        p - amulet of the acrobat
Stlth   +++++++      t - ring "Foffehewn" {rElec rF+ rN+}
HPRegen 0.42/turn    w - ring "Ukuqeub" {rPois Will+ AC+4 Str+3 Int+3}
MPRegen 0.37/turn

%: acrobat, rampage
@: death-form, wreathed by umbra, very quick
A: vile attack, torment immunity, no potions, very small, no large weapons,
unfitting armour, see invisible, speed 3
0: Orb of Zot
}: 6/15 runes: barnacled, slimy, silver, abyssal, demonic, gossamer
a: Siphon Essence, Begin Untransformation, Renounce Religion, Shadow Step,
Shadow Form


You escaped.
You worshipped Dithmenos.
Dithmenos was exalted by your worship.
You were an undying horror.
You visited 12 branches of the dungeon, and saw 56 of its levels.
You visited Pandemonium 1 time, and saw 10 of its levels.
You visited the Abyss 5 times.

You collected 10106 gold pieces.
You spent 6588 gold pieces at shops.

Inventory:

Hand Weapons
 M - a +9 quick blade of electrocution (weapon)
Missiles
 J - 4 throwing nets
Armour
 k - the +0 cloak "Xiulat" (worn) {Rampage}
   (You found it on level 5 of the Pits of Slime)

   Rampage:   It bestows one free step when moving towards enemies.
 m - an orb of guile (worn)
 H - a +2 robe of resistance (worn)
 U - the +3 hat of Pondering (worn) {ponderous, Will+ MP+10 Int+5}
   (You found it on level 4 of the Lair of Beasts)

   Int+5:     It affects your intelligence (+5).
   Will+:     It increases your willpower.
   MP+10:     It affects your magic capacity (+10).
 X - a scarf of resistance
 Y - +11 shadow dragon scales
Jewellery
 i - the ring "Ciul" {Fire Fly rPois Dex+2 SInv}
   (You found it on level 5 of the Pits of Slime)

   [ring of fire]

   Fire:      It enhances your fire magic.
   Dex+2:     It affects your dexterity (+2).
   rF+:       It protects you from fire.
   rC-:       It makes you vulnerable to cold.
   rPois:     It protects you from poison SInv: It lets you see invisible.
   Fly:       It grants you flight.
 p - an amulet of the acrobat (around neck)
 t - the ring "Foffehewn" (left hand) {rElec rF+ rN+}
   (You took it off a deep elf sorcerer on level 3 of the Elven Halls)

   [ring of positive energy]

   rF+:       It protects you from fire.
   rElec:     It insulates you from electricity.
   rN+:       It protects you from negative energy.
 w - the ring "Ukuqeub" (right hand) {rPois Will+ AC+4 Str+3 Int+3}
   (You found it on level 1 of the Spider Nest)

   [ring of protection]

   AC+4:      It affects your AC (+4).
   Str+3:     It affects your strength (+3).
   Int+3:     It affects your intelligence (+3).
   rPois:     It protects you from poison Will+: It increases your willpower.
 C - a ring of resist corrosion
 I - the ring "Urisif" {rPois Str+4 Slay+5 SInv Stlth+}
   (You found it on level 1 of the Elven Halls)

   [ring of see invisible]

   Str+4:     It affects your strength (+4).
   Slay+5:    It affects your accuracy & damage with ranged weapons and melee
   (+5).
   rPois:     It protects you from poison SInv: It lets you see invisible.
   Stlth+:    It makes you more stealthy.
Talismans
 K - a talisman of death (active)
Wands
 g - a wand of mindburst (33)
 n - a wand of digging (10)
 q - a wand of paralysis (37)
 v - a wand of iceblast (11)
 y - a wand of polymorph (14)
 R - a wand of flame (102)
Scrolls
 f - 5 scrolls of butterflies
 l - 19 scrolls of teleportation
 x - a scroll of blinking
 B - 15 scrolls of immolation
 L - 3 scrolls of silence
 N - a scroll of revelation
 O - a scroll of torment
 Q - 8 scrolls of fear
 V - 6 scrolls of fog
 W - 7 scrolls of poison
 Z - 4 scrolls of vulnerability
Potions
 a - 16 potions of attraction
 b - 6 potions of magic
 c - 6 potions of berserk rage
 d - 13 potions of might
 e - 9 potions of cancellation
 h - 16 potions of lignification
 o - 8 potions of enlightenment
 r - 23 potions of curing
 s - 4 potions of invisibility
 z - 3 potions of resistance
 A - 14 potions of ambrosia
 D - 11 potions of heal wounds
 E - 20 potions of mutation
 F - 2 potions of haste
 P - 5 potions of brilliance
Miscellaneous
 j - a phantom mirror (inert)
 u - a phial of floods
 G - a lightning rod (4/4)
 S - a box of beasts (inert)


   Skills:
 - Level 10.0 Fighting
 - Level 10.0 Short Blades
 + Level 8.9 Armour
 O Level 27 Dodging
 O Level 27 Stealth
 + Level 23.0 Spellcasting
 - Level 1.2 Conjurations
 + Level 20.8 Hexes
 - Level 7.0 Necromancy
 - Level 10.0 Translocations
 - Level 2.0 Fire Magic
 - Level 4.0 Air Magic
 - Level 5.0 Earth Magic
 - Level 13.0 Alchemy
 - Level 12.0 Invocations
 + Level 25.3 Evocations
 - Level 23.0 Shapeshifting


You had 17 spell levels left.
You knew the following spells:

 Your Spells              Type           Power      Damage    Failure   Level
a - Sting                 Conj/Alch      100%       1d9       1%          1
b - Confusing Touch       Hex            100%       N/A       0%          3
c - Mephitic Cloud        Conj/Alch/Air  69%        N/A       1%          3
d - Olgreb's Toxic Radia  Alch           91%        N/A       1%          4
e - Ensorcelled Hibernat  Hex/Ice        100%       N/A       0%          2
f - Sticky Flame          Fire/Alch      74%        2d12      1%          4
g - Passwall              Erth           65%        N/A       1%          3
h - Swiftness             Air            60%        N/A       1%          3
i - Borgnjor's Vile Clut  Necr/Erth      34%        N/A       1%          5
j - Dispel Undead         Necr           72%        3d24      1%          4
k - Apportation           Tloc           100%       N/A       0%          1
l - Enfeeble              Hex            55%        N/A       1%          7
m - Yara's Violent Unrav  Hex/Alch       50%        3d19      1%          5
n - Blink                 Tloc           100%       N/A       1%          2
o - Discord               Hex            55%        N/A       1%          8

Your spell library contained the following spells:

 Spells                   Type           Power      Damage    Failure   Level
 Jinxbite                 Hex            100%       N/A       0%          2
 Cause Fear               Hex            55%        N/A       0%          4
 Dimensional Bullseye     Hex/Tloc       48%        N/A       0%          4
 Foxfire                  Conj/Fire      100%       2x1d9     1%          1
 Kiss of Death            Conj/Necr      100%       2d13      1%          1
 Necrotise                Necr           100%       1d9       1%          1
 Sandblast                Erth           100%       2d20      1%          1
 Shock                    Conj/Air       100%       1d9       1%          1
 Summon Small Mammal      Summ           100%       N/A       1%          1
 Call Imp                 Summ           78%        N/A       1%          2
 Cigotuvi's Dreadful Rot  Necr/Alch/Air  100%       N/A       1%          2
 Lesser Beckoning         Tloc           100%       N/A       1%          2
 Mercury Vapours          Alch/Air       100%       N/A       1%          2
 Static Discharge         Conj/Air       100%       3-8/arc   1%          2
 Sublimation of Blood     Necr           72%        N/A       1%          2
 Frozen Ramparts          Ice            78%        1d12      1%          3
 Fugue of the Fallen      Necr           72%        N/A       1%          3
 Gell's Gravitas          Tloc           82%        N/A       1%          3
 Hailstorm                Conj/Ice       43%        3d9       1%          3
 Inner Flame              Hex/Fire       86%        N/A       1%          3
 Ozocubu's Armour         Ice            39%        N/A       1%          3
 Stone Arrow              Conj/Erth      100%       3d13      1%          3
 Summon Ice Beast         Ice/Summ       39%        N/A       1%          3
 Teleport Other           Tloc           82%        N/A       1%          3
 Vampiric Draining        Necr           72%        2d11      1%          3
 Volatile Blastmotes      Fire/Tloc      100%       2d18      1%          3
 Airstrike                Air            30%        2d(5-21)  1%          4
 Anguish                  Hex/Necr       46%        N/A       1%          4
 Animate Dead             Necr           72%        N/A       1%          4
 Brom's Barrelling Bould  Conj/Erth      57%        2d7       1%          4
 Fulminant Prism          Conj/Alch      36%        3d18      1%          4
 Ignite Poison            Fire/Alch      74%        N/A       1%          4
 Iskenderun's Mystic Bla  Conj/Tloc      67%        2d14      1%          4
 Leda's Liquefaction      Alch/Erth      39%        N/A       1%          4
 Martyr's Knell           Necr/Summ      58%        N/A       1%          4
 Passage of Golubria      Tloc           82%        N/A       1%          4
 Petrify                  Alch/Erth      79%        N/A       1%          4
 Vhi's Electric Charge    Tloc/Air       100%       N/A       1%          4
 Alistair's Intoxication  Alch           60%        N/A       1%          5
 Curse of Agony           Necr           72%        N/A       1%          5
 Irradiate                Conj/Alch      36%        3d23      1%          5
 Metabolic Englaciation   Hex/Ice        41%        N/A       1%          5
 Dispersal                Tloc           41%        N/A       1%          6
 Eringya's Noxious Bog    Alch           45%        4d6       1%          6
 Animate Armour           Summ/Erth      100%       N/A       2%          4
 Lee's Rapid Deconstruct  Erth           32%        3d17*     2%          5
 Flame Wave               Conj/Fire      50%        2d12      3%          4
 Summon Lightning Spire   Summ/Air       51%        N/A       3%          4
 Death Channel            Necr           36%        N/A       6%          6
 Arcjolt                  Conj/Air       27%        1d37      7%          5
 Sculpt Simulacrum        Ice/Alch       35%        N/A       8%          6
 Freezing Cloud           Conj/Ice/Air   25%        6-21      10%         5
 Iskenderun's Battlesphe  Conj           47%        2d10      12%         5
 Bombard                  Conj/Erth      28%        9d5       30%         6
 Plasma Beam              Fire/Air       28%        2x1d40    30%         6
 Conjure Ball Lightning   Conj/Air       27%        3x3d8     36%         6
 Starburst                Conj/Fire      25%        6d8       50%         6
 Borgnjor's Revivificati  Necr           36%        N/A       95%         8
 Ozocubu's Refrigeration  Ice            19%        4d11      99%         7
 Spellforged Servitor     Conj/Summ      21%        N/A       99%         7
 Summon Hydra             Summ           19%        N/A       99%         7
 Ignition                 Fire           25%        3d9       100%        8
 Lehudib's Crystal Spear  Conj/Erth      28%        10d8      100%        8
 Maxwell's Capacitive Co  Air            30%        ∞         100%        8
 Chain Lightning          Conj/Air       27%        3d36      100%        9
 Fire Storm               Conj/Fire      25%        8d6       100%        9
 Shatter                  Erth           32%        3d26*     100%        9


Dungeon Overview and Level Annotations

Branches:
Dungeon (15/15)            Temple (1/1) D:7            Lair (5/5) D:11
 Shoals (4/4) Lair:2       Spider (4/4) Lair:3        Slime (5/5) Lair:4
    Orc (2/2) D:12            Elf (3/3) Orc:2        Vaults (5/5) D:14
  Crypt (3/3) Vaults:2       Tomb (0/3) Crypt:3      Depths (4/4) D:15
    Zot (5/5) Depths:4

Altars:
Ashenzari
Cheibriados
Dithmenos
Elyvilon
Fedhas
Gozag
Hepliaklqana
Kikubaaqudgha
Makhleb
Nemelex Xobeh
Okawaru
Qazlal
Ru
Sif Muna
Trog
Uskayaw
Vehumet
Wu Jian
Xom
Yredelemnul
Zin
The Shining One
Jiyva
Lugonu

Shops:
D:12 [   Orc:2 !:(?   Elf:2 [((*   Elf:3 :   Shoals:2 *   Shoals:4 *:!
Vaults:1 =   Vaults:2 [   Vaults:3 (   Vaults:4 [   Vaults:5 (!   Depths:3 =[!!
Depths:4 **

Portals:
Hell: Depths:1 Depths:2 Depths:3 Depths:4
Abyss: Lair:5 Shoals:3 Depths:3
Pandemonium: Depths:2 Depths:3
Ziggurat: Depths:2


Innate Abilities, Weirdness & Mutations

You are an undying horror.
Your melee and unarmed attacks drain, slow and weaken victims.
You are immune to unholy pain and torment.
You cannot drink.
You are immune to poison.
You are very small and have problems with some larger weapons.
You are too small for most types of armour.
You have supernaturally acute eyesight. (SInv)
You cover ground extremely quickly. (Speed+++)


Message History

The angel completely misses you.
Your surroundings suddenly seem different.
There is an open door here.
You open the door.
There is an open door here.
A demonspawn black sun and a lorocyproca come into view.
The demonspawn black sun is wielding a +2 glaive of freezing.
There is an open door here.
The demonspawn black sun utters an invocation to Kikubaaqudgha.
The demonspawn black sun begins absorbing vital energies!
A Brimstone Fiend comes into view.
The Brimstone Fiend roars!
A shadow demon comes into view.
There is a stone staircase leading up here.
You climb upwards.
There is a stone staircase leading down here.
What level of the Dungeon? (default 1, ? - help)
There is a stone staircase leading up here.
You climb upwards.
There is a stone staircase leading down here.
There is a stone staircase leading up here.
You climb upwards.
There is a stone staircase leading down here.
Things that are here:
6 stones; a +0 war axe
There is a stone staircase leading up here.
You climb upwards.
There is a stone staircase leading down here.
Aiming: Dig
Press: ? - help, Shift-Dir - straight line A rock wall.
This square is wreathed by an umbra and is covered in magical glow.
The rock shatters into small pieces.
Aiming: Dig
Press: ? - help, Shift-Dir - straight line A rock wall.
This square is wreathed by an umbra and is covered in magical glow.
The rock shatters into small pieces.
There is a staircase leading out of the dungeon here.
You have escaped!

#.####.#≈.≈...~.~##.# #........
#.#....#≈.......~##.# #.####.#.
#.#.##...........##.# #.# #...
#.#.##.#.........##.####.######.
#.#.##.#.........##.............
#..#...#####'#.###.......#######
####.#### ♣♣♣.#...#########
.....# ♣♣..♣#...## ######
♣.♣♣♣#.z..# #'####...#.#
♣....'...##.# ########
############.# #.......
#.#######.###### #.........#
###########


There were no monsters in sight!

Vanquished Creatures
  the Royal Jelly (Slime:5)
  5 dread liches
  Mara (Vaults:5)
  Frederick (Vaults:5)
  3 orbs of fire (Zot:5)
  4 ancient liches
  Mennas (Vaults:3)
  2 juggernauts
  Boris (twice) (Crypt:1 Vaults:5)
  Vv (Zot:1)
  A pandemonium lord (Pan)
  4 Killer Klowns
  2 curse toes (Zot:5)
  9 golden dragons
  Norris (Vaults:1)
  Arachne (Spider:4)
  3 bone dragons
  An electric golem (Zot:1)
  3 doom hounds (Depths:3)
  3 Brimstone Fiends (Pan)
  The ghost of SpeedRobin the Champion of Chaos, an adept DDFi of Makhleb (Vaults:2)
  The ghost of Xutext the Spry, an adept DsAK of Lugonu (Depths:1)
  20 tentacled monstrosities
  An Ice Fiend (Pan)
  9 liches
  Grunn (Depths:3)
  16 Orb Guardians
  3 deep elf master archers (Elf:3)
  4 deep elf blademasters
  10 quicksilver dragons
  4 titans (Vaults:5)
  8 tentacled starspawn
  3 sphinxes
  3 Executioners (Pan)
  18 acid blobs
  8 ancient champions
  19 storm dragons
  2 krakens
  Agnes (Spider:2)
  7 death cobs
  14 shadow dragons
  11 draconian monks
  Aizul (Elf:2)
  A demonspawn warmonger (Pan)
  8 tengu reavers
  3 revenants
  4 protean progenitors
  The ghost of snackwell the Basher, an adept GnCA of Ignis (Spider:1)
  14 azure jellies
  7 rockslimes
  5 draconian shifters
  8 frost giants
  6 fire giants
  7 emperor scorpions
  6 draconian knights
  An angel (Abyss:3)
  6 deep elf sorcerers (Elf:3)
  2 iron dragons
  A curse skull (Crypt:2)
  Louise (Elf:2)
  8 draconian scorchers
  2 orc warlords
  11 ghost moths
  6 deep elf elementalists (Elf:3)
  3 balrugs
  17 vault wardens
  3 draconian stormcallers
  3 broodmothers
  6 draconian annihilators
  19 ironbound preservers
  13 stone giants
  5 caustic shrike skeletons (Crypt:3)
  3 demonspawn blood saints (Pan)
  13 quicksilver oozes
  4 demonspawn corrupters
  The ghost of shadowrider38 the Unseen, a journeyman SpEn of Elyvilon (Zot:5)
  7 cacodemons
  12 reapers
  20 very ugly things
  8 ironbound thunderhulks
  2 demonspawn black suns (Pan)
  4 formless jellyfish
  7 green draconians
  15 deep elf death magi
  9 deep elf annihilators
  3 deep elf demonologists
  4 yellow draconians
  14 spark wasps
  Azrael (Elf:2)
  4 vampire knights
  17 black draconians
  2 war gargoyles
  3 lorocyprocas (Pan)
  3 dire elephants (Vaults:3)
  The ghost of Aneyh the Warrior, a journeyman TeMo of Hepliaklqana (Elf:1)
  17 purple draconians
  10 white draconians
  A crystal guardian (Vaults:2)
  3 eidola
  6 blizzard demons
  Snorg (D:10)
  24 red draconians
  A quicksilver dragon zombie (Depths:2)
  10 ettins
  3 merfolk javelineers
  5 green deaths
  7 jiangshi
  7 entropy weavers
  6 deep elf high priests
  5 fire dragons
  10 great orbs of eyes
  5 merfolk impalers
  A shambling mangrove (Abyss:4)
  13 yaktaur captains
  2 rakshasas
  4 hell beasts (Pan)
  6 hydras
  Fannar (D:11)
  An Orb Guardian zombie (Crypt:1)
  9 ice dragons
  A peacekeeper (Vaults:2)
  A sphinx zombie (Depths:1)
  Erolcha (D:10)
  8 ironbound frosthearts
  2 ogre magi (Orc:2)
  29 vault guards
  2 ghost crabs (Abyss:4)
  5 jorogumos
  6 radroaches
  5 spriggan skeletons (Crypt:3)
  3 alligator snapping turtles
  19 centaur warriors
  A two-headed ogre (D:9)
  3 spriggan air magi
  3 catoblepae
  2 satyrs (Shoals:4)
  8 merfolk avatars
  8 boulder beetles
  4 deep troll earth magi
  33 dancing weapons
  2 death knights
  A fenstrider witch skeleton (Crypt:3)
  6 tengu warriors
  3 deep troll shamans
  7 merfolk aquamancers
  13 demonic crawlers
  8 thrashing horrors
  An orc high priest (Elf:1)
  3 vampire magi
  4 hell hogs (Abyss:4)
  A naga warrior (Abyss:2)
  A spectral emperor scorpion (Spider:1)
  15 soul eaters
  4 spriggan berserkers
  4 spriggans
  A holy swine (Abyss:3)
  21 skeletal warriors
  6 wretched stars
  A storm dragon zombie (Crypt:1)
  9 skysharks
  2 spectral spark wasps (Spider:1)
  2 shadow wraiths
  10 sun demons
  3 iron trolls
  18 deep elf knights
  A salamander mystic (Depths:4)
  3 titan skeletons (Crypt:3)
  A spectral ghost moth (Spider:1)
  12 sea snakes
  11 sixfirhies
  35 deep trolls
  2 glowing orange brains
  10 pharaoh ants
  4 death drakes (Depths:4)
  A spatial maelstrom (Abyss:3)
  5 sun moths
  7 arcanists
  8 flayed ghosts
  A spark wasp zombie (D:15)
  13 deep elf archers
  16 orb spiders
  A shadow dragon zombie (Crypt:1)
  A glowing orange brain (shapeshifter) (Vaults:5)
  8 lindwurms
  4 shadow demons
  21 deep elf zephyrmancers
  18 ironbound convokers
  A golden dragon skeleton (Crypt:3)
  14 starcursed masses
  3 steelbarb worms
  An obsidian statue (Depths:1)
  14 phantasmal warriors
  5 necromancers
  20 deep elf pyromancers
  29 harpies
  8 shining eyes
  A human zombie (Vaults:3)
  10 orc sorcerers
  2 iron dragon zombies
  39 wolf spiders
  2 lightning spires (Elf:1)
  A tengu skeleton (Depths:1)
  6 orc knights
  An eleionoma zombie (Crypt:2)
  50 ugly things
  5 cyclopes
  13 fauns
  4 salamanders
  2 spectral radroaches (Spider:1)
  A frost giant zombie (Depths:2)
  An oklob plant (Lair:3)
  15 manticores
  2 worldbinders
  4 meliai
  A stone giant zombie (Depths:2)
  11 large abominations
  3 kobold blastminers (Orc:1)
  7 merfolk sirens
  27 moths of wrath
  3 fire giant zombies
  A jorogumo skeleton (Crypt:1)
  A goliath frog skeleton (Crypt:3)
  2 centaur zombies (D:12)
  13 apocalypse crabs
  A water nymph (shapeshifter) (Vaults:5)
  27 smoke demons
  17 vault sentinels
  2 black mambas
  3 water nymphs
  20 elephants
  3 rust devils
  4 eyes of devastation
  A gargoyle (D:13)
  A black mamba (shapeshifter) (Abyss:4)
  2 guardian serpents
  A centaur skeleton (Crypt:3)
  A rime drake (Lair:5)
  Maggie (D:7)
  A red draconian zombie (Crypt:1)
  7 torpor snails
  A torpor snail (shapeshifter) (Abyss:3)
  2 emperor scorpion simulacra (Spider:1)
  9 orange demons
  An unseen horror (shapeshifter) (D:14)
  7 cane toads
  An unseen horror (D:10)
  31 yaktaurs
  3 hellions (Pan)
  9 komodo dragons
  10 freezing wraiths
  7 kobold demonologists
  6 tormentors
  3 efreet
  A white draconian skeleton (Crypt:3)
  A ghost moth simulacrum (Spider:1)
  3 ice devils
  2 tengu conjurers
  A sea snake skeleton (Crypt:2)
  6 trolls
  21 merfolk
  7 ancient zymes
  2 red devils
  A merfolk (shapeshifter) (Vaults:5)
  A harpy zombie (Abyss:2)
  3 polar bears
  4 hornets
  8 raiju
  2 tyrant leeches (Zot:1)
  8 hellwings (Pan)
  A hydra skeleton (Crypt:3)
  18 blink frogs
  2 wind drakes
  A jumping spider zombie (Crypt:2)
  2 raiju (shapeshifter)
  A tarantella (shapeshifter) (Lair:5)
  2 harpy skeletons (Crypt:3)
  2 meliai zombies
  2 glass eyes
  40 tarantellas
  A merfolk zombie (Shoals:3)
  33 jumping spiders
  8 snapping turtles
  A spriggan zombie (D:15)
  2 boulder beetle zombies
  38 culicivoras
  122 slime creatures
  4 wyverns
  6 ettin skeletons
  4 vampires
  14 ynoxinuls
  2 spriggans (shapeshifter) (D:14)
  5 shadows
  17 air elementals
  9 basilisks
  A naga simulacrum (Abyss:2)
  7 wraiths
  29 water elementals
  49 yaks
  16 fire elementals
  A yak (shapeshifter) (D:13)
  6 golden eyes
  17 chaos spawn
  72 redbacks
  5 neqoxecs
  13 vampire mosquitoes
  A warg (Orc:1)
  A naga (Abyss:2)
  A spatial vortex (Abyss:3)
  A harpy simulacrum (Abyss:1)
  A fire bat zombie (Crypt:3)
  2 hell hounds (Elf:2)
  An acid dragon (D:12)
  17 water moccasins
  The ghost of tdog the Covert, an amateur SpBr (D:4)
  A deep troll skeleton (Crypt:3)
  19 orc warriors
  3 black bears
  2 snapping turtle zombies
  A sky beast (D:6)
  3 ice beasts
  A sky beast (shapeshifter) (Lair:5)
  11 ogres
  A radroach simulacrum (Spider:1)
  13 small abominations
  22 laughing skulls
  11 centaurs
  20 wolves
  A phantom (D:4)
  An elf simulacrum (Vaults:3)
  A salamander zombie (Crypt:3)
  14 bullfrogs
  5 kobold brigands
  A brain worm (Abyss:2)
  3 gnoll sergeants
  30 scorpions (Spider:2)
  9 earth elementals
  A glowing shapeshifter simulacrum (Depths:1)
  23 wights
  9 killer bees (D:9)
  A vampire bat (Lair:2)
  8 howler monkeys
  An electric eel (Spider:3)
  A crimson imp (Abyss:3)
  2 quasits
  4 hounds
  An iron imp (Abyss:2)
  19 orc priests
  3 jellies
  A boggart zombie (D:12)
  2 iguanas (D:5)
  A sleepcap (D:4)
  Terence (D:3)
  Natasha (thrice) (D:4)
  28 orc wizards
  13 adders
  27 gnolls
  3 shadow imps
  2 white imps
  5 ufetubi
  An iguana zombie (Crypt:1)
  A jelly zombie (Crypt:3)
  An adder zombie (Crypt:2)
  A dart slug (D:4)
  3 ribbon worms
  A ribbon worm (shapeshifter) (Elf:1)
  62 orcs
  3 ball pythons (D:2)
  12 bats
  12 endoplasms
  12 giant cockroaches
  3 goblins
  7 hobgoblins
  4 jackals (D:5)
  2 frilled lizards
  23 kobolds
  A kobold skeleton (Crypt:3)
  A rat skeleton (Crypt:1)
  2 starspawn tentacles
2818 creatures vanquished.

Vanquished Creatures (collateral kills)
  A Killer Klown (Zot:5)
  8 Orb Guardians (Zot:5)
  2 black draconians (Zot:5)
  A red draconian (Zot:5)
  A dancing weapon (Elf:2)
  A sixfirhy (Pan)
  A shadow demon (Pan)
  A deep elf zephyrmancer (Elf:2)
  A deep elf pyromancer (Elf:2)
  6 smoke demons (Pan)
  A tormentor (Pan)
24 creatures vanquished.

Vanquished Creatures (others)
  2 Orb Guardians (Zot:5)
  A draconian monk (Zot:5)
  A green draconian (Zot:5)
  A yellow draconian (Zot:5)
  A hell knight (Vaults:5)
  A deep elf zephyrmancer (Elf:1)
  2 lightning spires (Elf:1)
  A faun (Shoals:1)
  A ynoxinul (Pan)
  A laughing skull (Abyss:3)
  A wyvern zombie (Crypt:1)
  An earth elemental (Elf:1)
  12 starspawn tentacles
  19 tentacles
45 creatures vanquished.

Grand Total: 2887 creatures vanquished

Notes
Turn   | Place    | Note
-------+----------+-------------------------------------------
     0 | D:1      | jschmitter482 the Spriggan Alchemist began the quest for
                  | the Orb.
     0 | D:1      | Reached XP level 1. HP: 9/9 MP: 5/5
   107 | D:1      | Found a faded altar of an unknown god.
   370 | D:1      | Reached skill level 1 in Conjurations
   474 | D:1      | Reached XP level 2. HP: 13/13 MP: 4/7
   883 | D:2      | Reached XP level 3. HP: 11/16 MP: 0/8
  1106 | D:2      | Found Ememofup's Magic Scroll Shoppe.
  1139 | D:2      | Bought a scroll of noise for 13 gold pieces
  1139 | D:2      | Bought a scroll of identify for 26 gold pieces
  1139 | D:2      | Bought a scroll of identify for 26 gold pieces
  1139 | D:2      | Bought a scroll of teleportation for 39 gold pieces
  1773 | D:3      | Reached XP level 4. HP: 15/21 MP: 5/10
  2133 | D:3      | Noticed Terence
  2151 | D:3      | Killed Terence
  2451 | D:3      | Reached XP level 5. HP: 24/24 MP: 0/12
  2795 | D:3      | Reached skill level 5 in Stealth
  2925 | D:4      | Noticed a black bear
  2934 | D:4      | Found a transporter.
  2935 | D:4      | Noticed tdog's ghost (amateur SpBr)
  2945 | D:4      | Identified the +1 dire flail "Otrai" {elec, rF+ rC++ Str-5
                  | Stlth-}
  2945 | D:4      | Noticed an ogre
  2949 | D:4      | Noticed an ogre
  2959 | D:4      | Found an opulent altar of Gozag.
  3066 | D:4      | Learned a level 3 spell: Confusing Touch
  3070 | D:4      | Learned a level 3 spell: Mephitic Cloud
  3289 | D:4      | Reached XP level 6. HP: 28/28 MP: 7/14
  3320 | D:4      | Learned a level 4 spell: Olgreb's Toxic Radiance
  3378 | D:4      | Reached skill level 5 in Alchemy
  3422 | D:4      | Noticed Natasha
  3561 | D:4      | Reached skill level 5 in Spellcasting
  3561 | D:4      | Reached skill level 1 in Hexes
  3572 | D:4      | Killed Natasha
  3573 | D:4      | Reached skill level 1 in Air Magic
  3596 | D:4      | Noticed Natasha
  3599 | D:4      | Killed Natasha
  3706 | D:4      | Reached XP level 7. HP: 30/32 MP: 8/16
  3959 | D:4      | Found a transporter.
  3972 | D:4      | Noticed Natasha
  3993 | D:4      | Killed Natasha
  4136 | D:5      | Entered Level 5 of the Dungeon
  4535 | D:5      | Found a sacrificial altar of Ru.
  5213 | D:6      | Reached XP level 8. HP: 36/36 MP: 6/18
  5725 | D:6      | Found a white marble altar of Elyvilon.
  6331 | D:7      | Reached skill level 5 in Hexes
  6512 | D:7      | Found a staircase to the Ecumenical Temple.
  6521 | Temple   | Entered the Ecumenical Temple
  6532 | Temple   | Became a worshipper of Dithmenos the Shadowed
  6560 | D:7      | Noticed Maggie
  6738 | D:8      | Reached XP level 9. HP: 29/39 MP: 11/20
  6833 | D:8      | Reached skill level 1 in Short Blades
  6913 | D:8      | Reached skill level 10 in Stealth
  7086 | D:8      | Found a blossoming altar of Fedhas.
  7256 | D:8      | Found a stormy altar of Qazlal.
  7541 | D:8      | Reached * piety under Dithmenos
  8116 | D:9      | Noticed a catoblepas
  8142 | D:9      | Reached skill level 5 in Short Blades
  8157 | D:9      | Killed a catoblepas
  8158 | D:9      | Reached XP level 10. HP: 23/44 MP: 7/21
  8342 | D:9      | Identified the +4 dagger of Destiny {pain, ^Drain rElec
                  | rPois Dex+2}
  8364 | D:9      | Noticed a four-headed hydra
  8404 | D:9      | Learned a level 2 spell: Ensorcelled Hibernation
  8443 | D:9      | Reached ** piety under Dithmenos
  8446 | D:9      | Noticed a two-headed ogre
  8730 | D:10     | Entered Level 10 of the Dungeon
  8730 | D:10     | Noticed Erolcha
  9041 | D:9      | Killed a four-headed hydra
  9079 | D:9      | Reached skill level 10 in Alchemy
  9081 | D:9      | Reached skill level 15 in Stealth
  9220 | D:9      | Killed a two-headed ogre
  9567 | D:9      | Found a shimmering altar of Xom.
  9567 | D:9      | You fall into a shaft and drop 3 floors!
  9652 | D:10     | Reached XP level 11. HP: 47/47 MP: 22/22
  9672 | D:10     | Reached skill level 1 in Invocations
  9819 | D:10     | Found a hazy altar of Hepliaklqana.
  9974 | D:10     | Killed Erolcha
 10190 | D:10     | Reached *** piety under Dithmenos
 10416 | D:10     | Found a sparkling altar of Nemelex Xobeh.
 10640 | D:10     | Noticed Snorg
 10652 | D:10     | Killed Snorg
 11141 | D:11     | Found a staircase to the Lair.
 11349 | D:11     | Reached skill level 1 in Fighting
 11405 | D:11     | Noticed Fannar
 11417 | D:11     | Killed Fannar
 12043 | D:11     | Learned a level 4 spell: Sticky Flame
 12082 | Lair:1   | Entered Level 1 of the Lair of Beasts
 12319 | Lair:1   | Reached skill level 1 in Fire Magic
 12428 | Lair:1   | Reached XP level 12. HP: 56/56 MP: 4/26
 12432 | Lair:1   | Reached **** piety under Dithmenos
 13367 | Lair:2   | Reached skill level 1 in Evocations
 13382 | Lair:2   | Reached skill level 10 in Spellcasting
 13566 | Lair:2   | Identified the +3 shortbow of Ignis's Condemnation {speed,
                  | rPois}
 13576 | Lair:2   | Identified the +1 trident of Anaamn {holy, rF+ Int+5}
 13675 | Lair:2   | Reached ***** piety under Dithmenos
 13857 | Lair:2   | Found a staircase to the Shoals.
 14562 | Lair:3   | Reached skill level 5 in Evocations
 14871 | Lair:3   | Found a hole to the Spider Nest.
 14876 | Lair:3   | You fall into a shaft and drop 2 floors!
 14876 | Lair:5   | Entered Level 5 of the Lair of Beasts
 15062 | Lair:3   | Reached skill level 5 in Dodging
 15255 | Lair:3   | Noticed an eight-headed hydra
 15301 | Lair:3   | Killed an eight-headed hydra
 15461 | Lair:3   | Noticed a four-headed hydra
 15466 | Lair:3   | Killed a four-headed hydra
 15467 | Lair:3   | Reached XP level 13. HP: 60/60 MP: 28/28
 15967 | Lair:4   | Found a viscous altar of Jiyva.
 15968 | Lair:4   | Found a staircase to the Slime Pits.
 16354 | Lair:4   | Found the +3 hat of Pondering {ponderous, Will+ MP+10
                  | Int+5}
 17329 | Lair:5   | Reached ****** piety under Dithmenos
 17408 | Lair:5   | Reached skill level 10 in Short Blades
 17589 | Lair:5   | Reached skill level 10 in Dodging
 17639 | Lair:5   | Found a corrupted altar of Lugonu.
 17639 | Lair:5   | Found a one-way gate to the infinite horrors of the Abyss.
 17681 | Lair:5   | Identified the +9 mace of Midsummer {heavy, rCorr Int+3}
 17836 | Lair:5   | Reached XP level 14. HP: 65/65 MP: 22/29
 18099 | Lair:5   | Identified the ring of Qehoext {rElec rC+}
 19017 | D:12     | Identified the +7 great mace of Dishonesty {drain, Fly rF-
                  | Str+6}
 19711 | D:12     | Found a staircase to the Orcish Mines.
 19848 | D:12     | Found Zusm's Armour Boutique.
 20189 | D:7      | Killed Maggie
 20289 | D:2      | Bought a scroll of acquirement for 676 gold pieces
 20289 | D:2      | Bought a scroll of blinking for 97 gold pieces
 20289 | D:2      | Bought a scroll of fog for 52 gold pieces
 20289 | D:2      | Bought a scroll of teleportation for 39 gold pieces
 20289 | D:2      | Bought a scroll of vulnerability for 52 gold pieces
 20289 | D:2      | Bought a scroll of immolation for 52 gold pieces
 20289 | D:2      | Acquired 1365 gold pieces
 20529 | Orc:1    | Entered Level 1 of the Orcish Mines
 20602 | Orc:2    | Entered Level 2 of the Orcish Mines
 20779 | Orc:2    | Reached skill level 5 in Invocations
 20945 | Orc:2    | Found a staircase to the Elven Halls.
 21347 | Orc:2    | Found a radiant altar of Vehumet.
 21353 | Orc:2    | Paralysed by an ogre mage for 3 turns
 21384 | Orc:2    | Found Suefel's Magic Scroll Emporium.
 21561 | Orc:2    | Found an ancient bone altar of Kikubaaqudgha.
 21575 | Orc:2    | Bought a scroll of blinking for 97 gold pieces
 21575 | Orc:2    | Bought a scroll of identify for 26 gold pieces
 21575 | Orc:2    | Bought a scroll of identify for 26 gold pieces
 21575 | Orc:2    | Bought a scroll of identify for 26 gold pieces
 21575 | Orc:2    | Bought a scroll of identify for 26 gold pieces
 21603 | Orc:2    | Found Wumy's Book Emporium.
 21660 | Orc:2    | Found Puciuddy's Distillery.
 21717 | Orc:2    | Found Olozes's Antique Weapon Shoppe.
 21727 | Orc:2    | Bought a potion of heal wounds for 55 gold pieces
 21727 | Orc:2    | Bought a potion of brilliance for 44 gold pieces
 21727 | Orc:2    | Bought a potion of ambrosia for 88 gold pieces
 21727 | Orc:2    | Bought a potion of invisibility for 88 gold pieces
 21727 | Orc:2    | Bought a potion of mutation for 88 gold pieces
 23015 | D:13     | Reached skill level 10 in Hexes
 23209 | D:13     | Reached XP level 15. HP: 68/68 MP: 30/30
 23217 | D:13     | Learned a level 3 spell: Passwall
 23221 | D:13     | Learned a level 3 spell: Swiftness
 24220 | D:14     | Found a gate to the Vaults.
 24225 | D:14     | Reached skill level 1 in Earth Magic
 24448 | D:15     | Entered Level 15 of the Dungeon
 25098 | D:15     | Found a staircase to the Depths.
 25629 | Spider:1 | Entered Level 1 of the Spider Nest
 25695 | Spider:2 | Noticed Agnes
 25704 | Spider:2 | Killed Agnes
 25904 | Spider:4 | Entered Level 4 of the Spider Nest
 26140 | Spider:4 | Reached XP level 16. HP: 72/72 MP: 32/32
 26533 | Spider:4 | Got a milky-white gem with 1658 turns to spare
 26602 | Spider:4 | Noticed Arachne
 26605 | Spider:4 | Killed Arachne
 26677 | Spider:4 | Got a gossamer rune of Zot
 27085 | Spider:4 | Reached skill level 10 in Evocations
 28179 | Spider:4 | Reached skill level 1 in Necromancy
 28725 | Spider:3 | Reached XP level 17. HP: 48/77 MP: 25/35
 28731 | Spider:3 | Learned a level 5 spell: Borgnjor's Vile Clutch
 28736 | Spider:3 | Learned a level 4 spell: Dispel Undead
 30806 | Spider:1 | Reached skill level 5 in Fighting
 30927 | Spider:1 | Reached skill level 5 in Earth Magic
 31934 | Spider:1 | Found a runed translucent gate.
 31935 | Spider:1 | Found a runed translucent gate.
 31935 | Spider:1 | Found a runed translucent gate.
 31937 | Spider:1 | Noticed snackwell's ghost (adept GnCA)
 32199 | Spider:1 | Killed snackwell's ghost
 32212 | Spider:1 | Identified the ring "Ukuqeub" {rPois Will+ AC+4 Str+3
                  | Int+3}
 32407 | Shoals:1 | Entered Level 1 of the Shoals
 32535 | Shoals:2 | Reached skill level 15 in Dodging
 32627 | Shoals:4 | Entered Level 4 of the Shoals
 32693 | Shoals:4 | Reached XP level 18. HP: 63/86 MP: 21/36
 32711 | Shoals:4 | Found Deh Coxo's General Store.
 32975 | Shoals:4 | Got an azure gem with 1318 turns to spare
 32979 | Shoals:4 | Got a barnacled rune of Zot
 32997 | Shoals:4 | Bought a scroll of identify for 34 gold pieces
 32997 | Shoals:4 | Bought a potion of enlightenment for 85 gold pieces
 32997 | Shoals:4 | Bought a wand of iceblast (4) for 163 gold pieces
 33322 | Shoals:4 | Identified the +10 rapier of the Feeding Gods {freeze,
                  | *Corrode rN+ MP+9}
 33436 | Shoals:4 | Reached skill level 5 in Necromancy
 33553 | Shoals:4 | Found Nuyvi's Book Boutique.
 33587 | Shoals:4 | Found Riung's Distillery.
 33601 | Shoals:4 | Bought a potion of enlightenment for 100 gold pieces
 33601 | Shoals:4 | Bought a potion of curing for 60 gold pieces
 33601 | Shoals:4 | Bought a potion of resistance for 200 gold pieces
 33601 | Shoals:4 | Bought a potion of mutation for 160 gold pieces
 34408 | Shoals:3 | Found a runed translucent door.
 34414 | Shoals:3 | Found a corrupted altar of Lugonu.
 36309 | Shoals:2 | Found Vilesmoahi's CLEARANCE SALE!.
 36492 | Shoals:2 | Bought 2 scrolls of identify for 24 gold pieces
 36748 | Shoals:1 | Reached skill level 10 in Invocations
 37827 | Vaults:1 | Entered Level 1 of the Vaults
 37827 | Vaults:1 | Found Bumeka's Jewellery Boutique.
 37906 | Vaults:1 | Reached skill level 15 in Hexes
 37909 | Vaults:1 | Noticed Norris
 37952 | Vaults:1 | Killed Norris
 38022 | Vaults:1 | Reached XP level 19. HP: 90/90 MP: 37/37
 38506 | Vaults:1 | Reached skill level 27 in Stealth
 39722 | Vaults:2 | Found a runed translucent gate.
 39722 | Vaults:2 | Found a runed translucent gate.
 39722 | Vaults:2 | Found a runed translucent gate.
 39722 | Vaults:2 | Noticed SpeedRobin's ghost (adept DDFi)
 40234 | Vaults:2 | Found Soanyodu's Antique Armour Shoppe.
 40666 | Vaults:2 | Noticed a bone dragon
 40668 | Vaults:2 | Found a staircase to the Crypt.
 40671 | Vaults:2 | Killed a bone dragon
 40777 | Vaults:2 | Found a viscous altar of Jiyva.
 41936 | Vaults:3 | Noticed Mennas
 42145 | Vaults:3 | Reached XP level 20. HP: 79/94 MP: 38/38
 42360 | Vaults:3 | Identified the +0 leather armour "Beifuxatopo" {Fly Str+2
                  | Slay+3}
 42867 | Vaults:3 | Killed Mennas
 43195 | Vaults:3 | Found Soant's Weapon Shop.
 43427 | Vaults:4 | Found Huimim's Armour Shoppe.
 44321 | Vaults:4 | Identified the +10 shortbow of Utec {freeze, rN+ Will+
                  | Str+3}
 45148 | Elf:1    | Entered Level 1 of the Elven Halls
 45159 | Elf:2    | Noticed Louise
 45165 | Elf:2    | Found Hitushou's Antique Armour Shop.
 45167 | Elf:2    | Killed Louise
 45191 | Elf:2    | Bought a bloodstained robe for 188 gold pieces
 45191 | Elf:2    | Identified the +1 robe of Zianip {rPois Dex+5 Stlth+} (You
                  | bought it in a shop on level 2 of the Elven Halls)
 45233 | Elf:2    | Reached skill level 15 in Evocations
 45356 | Elf:3    | Entered Level 3 of the Elven Halls
 45381 | Elf:3    | Found a radiant altar of Vehumet.
 46272 | Elf:3    | Reached skill level 15 in Spellcasting
 46299 | Elf:3    | Identified the ring "Foffehewn" {rElec rF+ rN+}
 46346 | Elf:3    | Reached XP level 21. HP: 71/98 MP: 24/41
 46557 | Elf:3    | Got a shimmering gem with 580 turns to spare
 46566 | Elf:3    | Identified the +0 orcbow of Checkmate {drain, rF+ Dex+3}
 46576 | Elf:3    | Identified the +3 short sword of the Pyrrhic Victory
                  | {antimagic, rCorr}
 46597 | Elf:3    | Learned a level 1 spell: Apportation
 46610 | Elf:3    | Found the +9 staff of Olgreb {rPois∞}
 46639 | Elf:3    | Got Sif Muna's Information on Soot and Formulae
 46643 | Elf:3    | Identified the orb "Yfosip" {mayhem, ^Drain Ice Earth}
 46930 | Elf:3    | Found Isigruczy's Book Shop.
 46940 | Elf:3    | Bought the Essays on the Geodesic for 300 gold pieces
 46940 | Elf:3    | Bought a book of Misfortune for 510 gold pieces
 46948 | Elf:3    | Learned a level 7 spell: Enfeeble
 46954 | Elf:3    | Learned a level 5 spell: Yara's Violent Unravelling
 47570 | Elf:3    | Paralysed by an air elemental for 1 turns
 47576 | Elf:3    | Paralysed by an air elemental for 1 turns
 47864 | Elf:3    | Identified the +10 long sword of Fedhas's Supremacy {drain,
                  | rPois Will+ MP+9 Int+3}
 48063 | Elf:2    | Identified the +4 falchion of the Foot {drain, Will++ Str+6
                  | Int-5}
 48108 | Elf:2    | Found Woilery's Weapon Shoppe.
 48133 | Elf:2    | Found Plog's General Store.
 48204 | Elf:2    | Bought a wand of mindburst (5) for 77 gold pieces
 48204 | Elf:2    | Bought a scroll of vulnerability for 44 gold pieces
 48204 | Elf:2    | Bought a potion of mutation for 88 gold pieces
 48230 | Elf:2    | Found Bademor's Weapon Shop.
 48257 | Elf:2    | Found a runed translucent gate.
 48257 | Elf:2    | Found a runed translucent gate.
 48257 | Elf:2    | Found a runed translucent gate.
 48284 | Elf:2    | Identified the serpent talisman of Kuaden {Str+3}
 48284 | Elf:2    | Noticed Aizul
 48286 | Elf:2    | Killed Aizul
 48327 | Elf:2    | Reached skill level 1 in Shapeshifting
 49244 | Elf:2    | Noticed Azrael
 49253 | Elf:2    | Killed Azrael
 49936 | Elf:1    | Found a runed translucent door.
 50414 | Elf:1    | Found a transporter.
 50458 | Elf:1    | Reached skill level 5 in Shapeshifting
 50677 | Elf:1    | Found a transporter.
 50678 | Elf:1    | Noticed Aneyh's ghost (journeyman TeMo)
 50679 | Elf:1    | Found a bloodstained altar of Trog.
 51060 | Elf:1    | Identified the ring "Urisif" {rPois Str+4 Slay+5 SInv
                  | Stlth+}
 51069 | Elf:1    | Killed Aneyh's ghost
 52224 | Slime:1  | Entered Level 1 of the Pits of Slime
 52951 | Slime:3  | You fall into a shaft and drop 1 floor!
 53682 | Slime:5  | Entered Level 5 of the Pits of Slime
 53932 | Depths:1 | Entered Level 1 of the Depths
 54013 | Depths:3 | Found a one-way gate leading to the halls of Pandemonium.
 54186 | Depths:3 | Found a gateway to Hell.
 54355 | Depths:3 | Noticed a juggernaut
 54364 | Depths:3 | Reached XP level 22. HP: 109/109 MP: 44/44
 54376 | Depths:3 | Killed a juggernaut
 54467 | Depths:4 | Entered Level 4 of the Depths
 55274 | Depths:4 | Found a gate to the Realm of Zot.
 55514 | Depths:4 | Reached skill level 10 in Fighting
 55846 | Depths:4 | Noticed a golden dragon
 55855 | Depths:4 | Killed a golden dragon
 56020 | Depths:4 | Noticed a golden dragon
 56036 | Depths:4 | Killed a golden dragon
 56048 | Depths:4 | Reached skill level 10 in Shapeshifting
 56075 | Depths:4 | Identified the +2 glaive of Precise Incision {venom, rPois
                  | rC++}
 56266 | Depths:4 | Got a midnight gem with 997 turns to spare
 56667 | Depths:3 | Noticed Grunn
 56804 | Depths:3 | Killed Grunn
 57000 | Depths:3 | Found Onuudihu's Distillery.
 57000 | Depths:3 | Found Hoidutsu's Armour Shop.
 57002 | Depths:3 | Found Hileu's Jewellery Shop.
 57006 | Depths:3 | Found Jenuunue's Distillery.
 57012 | Depths:3 | Bought a potion of invisibility for 160 gold pieces
 57012 | Depths:3 | Bought a potion of curing for 60 gold pieces
 57012 | Depths:3 | Bought a potion of curing for 60 gold pieces
 57015 | Depths:3 | Bought 2 potions of might for 104 gold pieces
 57015 | Depths:3 | Bought a potion of cancellation for 104 gold pieces
 57015 | Depths:3 | Bought a potion of curing for 39 gold pieces
 57015 | Depths:3 | Bought 2 potions of heal wounds for 130 gold pieces
 57015 | Depths:3 | Bought a potion of enlightenment for 65 gold pieces
 57015 | Depths:3 | Bought a potion of curing for 39 gold pieces
 57492 | Depths:2 | Found a one-way gateway to a ziggurat.
 58146 | Depths:2 | Reached XP level 23. HP: 115/115 MP: 46/46
 58497 | Depths:2 | Identified the ring "Pewn" {*Corrode Fly rPois Str+6 SInv}
 58644 | Depths:1 | Found a runed translucent door.
 58647 | Depths:1 | Noticed Xutext's ghost (adept DsAK)
 58662 | Depths:1 | Killed Xutext's ghost
 59635 | Depths:1 | Found a snail-covered altar of Cheibriados.
 60477 | Depths:1 | Learned a level 2 spell: Blink
 60590 | Depths:4 | Found Laumneb's General Store.
 60595 | Depths:4 | Found Azxeck's Specific Store.
 60604 | Depths:4 | Bought a potion of heal wounds for 100 gold pieces
 60604 | Depths:4 | Bought a wand of mindburst (6) for 168 gold pieces
 60604 | Depths:4 | Bought a wand of paralysis (2) for 96 gold pieces
 60604 | Depths:4 | Bought a wand of digging (7) for 588 gold pieces
 61369 | Depths:4 | Found a blossoming altar of Fedhas.
 62855 | Slime:4  | Reached skill level 1 in Translocations
 63981 | Slime:5  | Noticed the Royal Jelly
 63990 | Slime:5  | Killed the Royal Jelly
 65075 | Slime:4  | Reached skill level 5 in Translocations
 65546 | Slime:5  | a rockslime changed into a juggernaut
 65546 | Slime:5  | Noticed a juggernaut
 65551 | Slime:5  | Killed a juggernaut
 65566 | Slime:5  | Identified the ring "Ciul" {Fire Fly rPois Dex+2 SInv}
 65568 | Slime:5  | Identified the +3 short sword "Got Emp" {freeze, Str+3
                  | Int+3 SInv}
 65572 | Slime:5  | Identified the +0 leather armour "Lishraw" {rC+ rN+ Regen+}
 66063 | Slime:5  | Identified the +9 short sword of Evisceration {flame, rPois
                  | rN+}
 66076 | Slime:5  | Got the Secrets of Caustic Austromancy
 66078 | Slime:5  | Identified the +3 scale mail "Vehai" {rElec rPois rF-
                  | rCorr}
 66092 | Slime:5  | Got the Verses on the Fiery Lithosphere
 66133 | Slime:5  | Identified the +0 cloak "Xiulat" {Rampage}
 66155 | Slime:5  | Got a slimy rune of Zot
 66158 | Slime:5  | Identified the +0 lajatang "Saplaf" {freeze, Fly rC- Will+
                  | Dex+3}
 66607 | Zot:1    | Entered Level 1 of the Realm of Zot
 66608 | Zot:1    | Noticed Vv
 66618 | Zot:1    | Killed Vv
 66669 | Zot:1    | Reached XP level 24. HP: 112/120 MP: 42/46
 67262 | Zot:1    | Reached skill level 15 in Shapeshifting
 68426 | Zot:2    | Reached skill level 10 in Translocations
 70294 | Zot:3    | Identified the +4 arbalest of Ducyrgh {flame, Int+3}
 70465 | Zot:3    | Identified the +1 buckler of Dithmenos, Grinning {Will+}
 71497 | Zot:4    | Identified the +1 scale mail of the Barracuda {Str+2}
 72421 | Zot:4    | Reached XP level 25. HP: 123/123 MP: 46/46
 72660 | Zot:5    | Entered Level 5 of the Realm of Zot
 72698 | Zot:5    | Found a runed translucent gate.
 72698 | Zot:5    | Found a runed translucent gate.
 72698 | Zot:5    | Found a runed translucent gate.
 72739 | Zot:5    | Noticed shadowrider38's ghost (journeyman SpEn)
 72960 | Zot:5    | Killed shadowrider38's ghost
 73696 | D:4      | Killed tdog's ghost
 74332 | Shoals:3 | Identified the +1 hat of Jaloab {rElec Str+3}
 74717 | Elf:1    | Paralysed by an air elemental for 1 turns
 74729 | Elf:1    | Paralysed by an air elemental for 1 turns
 74734 | Elf:1    | Paralysed by an air elemental for 1 turns
 74895 | Elf:1    | Paralysed by an air elemental for 1 turns
 76674 | Vaults:2 | Killed SpeedRobin's ghost
 76969 | Crypt:1  | Entered Level 1 of the Crypt
 77086 | Crypt:3  | Entered Level 3 of the Crypt
 77096 | Crypt:3  | Found a staircase to the Tomb.
 77727 | Crypt:3  | Noticed a dread lich
 77764 | Crypt:3  | Killed a dread lich
 77923 | Crypt:3  | Got an ivory gem with 984 turns to spare
 77932 | Crypt:3  | Got the Spellbook of the Beaker and Refrigeration
 77935 | Crypt:3  | Identified the +8 dagger of Courage {spect, *Corrode rElec
                  | rC+ Int+5}
 78200 | Crypt:3  | Noticed an ancient lich
 78229 | Crypt:3  | Killed an ancient lich
 78518 | Crypt:3  | Identified the staff "Hellblazer" {rN+ Conj Necro}
 78708 | Crypt:3  | Reached XP level 26. HP: 128/128 MP: 47/47
 80546 | Crypt:1  | Noticed Boris
 80580 | Crypt:1  | Killed Boris
 81669 | Depths:3 | Voluntarily entered the Abyss.
 82062 | Abyss:1  | Found a corrupted altar of Lugonu.
 82145 | Abyss:2  | Reached skill level 1 in Armour
 82233 | Abyss:2  | Reached XP level 27. HP: 130/133 MP: 47/47
 82548 | Abyss:3  | Paralysed by accursed screaming for 1 turns
 82574 | Depths:3 | Escaped the Abyss
 82836 | Depths:3 | Voluntarily entered the Abyss.
 83264 | Depths:3 | Escaped the Abyss
 83344 | Depths:3 | Voluntarily entered the Abyss.
 83351 | Abyss:3  | Found a corrupted altar of Lugonu.
 83357 | Abyss:3  | Found a corrupted altar of Lugonu.
 83375 | Abyss:3  | Found a corrupted altar of Lugonu.
 83609 | Abyss:3  | Found a corrupted altar of Lugonu.
 83854 | Depths:3 | Escaped the Abyss
 83967 | Depths:3 | Voluntarily entered the Abyss.
 83967 | Abyss:4  | Found a corrupted altar of Lugonu.
 84036 | Abyss:4  | Got an abyssal rune of Zot
 84081 | Depths:3 | Escaped the Abyss
 84351 | Vaults:5 | Entered Level 5 of the Vaults
 84358 | Vaults:5 | Found Unliaseo's Distillery.
 84358 | Vaults:5 | Found Kuudipaok's Antique Weapon Boutique.
 84399 | Vaults:5 | Bought 2 potions of heal wounds for 180 gold pieces
 84399 | Vaults:5 | Bought a potion of cancellation for 144 gold pieces
 84399 | Vaults:5 | Bought a potion of curing for 54 gold pieces
 84399 | Vaults:5 | Bought a potion of ambrosia for 144 gold pieces
 84399 | Vaults:5 | Bought 2 potions of curing for 108 gold pieces
 84399 | Vaults:5 | Bought a potion of ambrosia for 144 gold pieces
 84399 | Vaults:5 | Bought a potion of mutation for 144 gold pieces
 84399 | Vaults:5 | Bought a potion of mutation for 144 gold pieces
 84399 | Vaults:5 | Bought a potion of ambrosia for 144 gold pieces
 84491 | Vaults:5 | Found Wolle's Distillery.
 84808 | Vaults:5 | Noticed an ancient lich
 84835 | Vaults:5 | Killed an ancient lich
 85003 | Vaults:5 | Got Lufeu's Compendium of Silt
 85023 | Vaults:5 | Learned a level 8 spell: Discord
 85025 | Vaults:5 | Identified the +1 chain mail of Supple Strength {Harm rN+
                  | Dex-4}
 85037 | Vaults:5 | Got the Vademecum on Lamentation and the Blink Frog
 85243 | Vaults:5 | Identified the +6 rapier of the Pure Priests {spect, rC++
                  | Will+}
 85243 | Vaults:5 | Noticed Boris
 85262 | Vaults:5 | Killed Boris
 85263 | Vaults:5 | Reached skill level 5 in Armour
 86039 | Vaults:5 | Identified the +1 chain mail of Dogmatism {rC++}
 86102 | Vaults:5 | Identified the +5 trident "Atyenee" {speed, rC+ Dex+3}
 86213 | Vaults:5 | Noticed Mara
 86219 | Vaults:5 | Killed Mara
 86230 | Vaults:5 | Identified the orb "Cakin" {light, Int+5 Conj}
 86230 | Vaults:5 | Noticed Frederick
 86236 | Vaults:5 | Killed Frederick
 86246 | Vaults:5 | Identified the +7 long sword "Wuxompaagg" {holy, *Rage
                  | rElec rC+ rN+}
 87191 | Vaults:5 | Got a silver rune of Zot
 88114 | Zot:5    | Noticed an orb of fire
 88116 | Zot:5    | Noticed a dread lich
 88117 | Zot:5    | Noticed an orb of fire
 88379 | Pan      | Entered Pandemonium
 88690 | Pan      | Identified the +0 leather armour of the Original Sin
                  | {Rampage rPois Str+5 Dex-5}
 92503 | Pan      | Got a demonic rune of Zot
 92540 | Pan      | Identified the staff of Maet {rElec Str+4 Dex+3 Air}
 92541 | Pan      | Identified the +11 mace "Giantslayer" {freeze, rPois Str+2}
 92646 | Pan      | Entered the realm of Cerebov.
 92738 | Pan      | Noticed Fiekohim the pandemonium lord
 92739 | Pan      | Killed Fiekohim the pandemonium lord
 92893 | Pan      | Found an exit through the horrors of the Abyss.
 92901 | Pan      | Took an exit into the Abyss.
 92901 | Abyss:4  | Escaped into the Abyss
 92901 | Abyss:4  | Found a corrupted altar of Lugonu.
 92915 | Abyss:4  | Found a corrupted altar of Lugonu.
 92947 | Abyss:4  | Found a corrupted altar of Lugonu.
 92976 | Depths:3 | Escaped the Abyss
 93162 | Zot:5    | Noticed a dread lich
 93186 | Zot:5    | Killed an orb of fire
 93201 | Zot:5    | Noticed a dread lich
 93433 | Zot:5    | Killed a dread lich
 93682 | Zot:5    | Killed a dread lich
 93784 | Zot:5    | Killed a dread lich
 93785 | Zot:5    | Reached skill level 27 in Dodging
 93790 | Zot:5    | Noticed a dread lich
 93808 | Zot:5    | Killed a dread lich
 94182 | Zot:5    | Noticed an ancient lich
 94184 | Zot:5    | Noticed an ancient lich
 94438 | Zot:4    | Killed an ancient lich
 94776 | Zot:5    | Killed an ancient lich
 94783 | Zot:5    | Killed an orb of fire
 94881 | Zot:5    | Noticed an orb of fire
 95233 | Zot:5    | Killed an orb of fire
 95556 | Zot:5    | Got the Orb of Zot
 95795 | D:15     | Noticed a seraph
 96021 | D:5      | Noticed a seraph
 96171 | D:$      | Escaped with the Orb!

Illustrated notes

Levels and vault maps discovered:
D:1:      scummos_arrival_gate, layout_loops_ring, basic_ecumenical_altar
D:2:      layout_loops_cross, serial_shops, shop, mrwooster_statue_mirror,
          feat_on_display
D:3:      minmay_roachtagon, layout_loops_ring, minmay_crystal_room,
          uniq_terence
D:4:      layout_basic, mainiacjoe_overflow_brackets, gammafunk_ghost_smash,
          supply_closet_lemuel, minmay_box_of_dots, uniq_natasha
D:5:      nicolae_cairo_tiling_very_big, layout_loops_cross,
          mainiacjoe_overflow_alcove_1, nrook_mini_vaults
D:6:      layout_loops_ring, mainiacjoe_overflow_cross_hatched
D:7:      layout_rooms, minmay_temple_entry_sparse_star, uniq_maggie
D:8:      layout_loops_ring, mainiacjoe_overflow_boulevard,
          overflow_temple_1_default
D:9:      layout_basic, roadster_trireme
D:10:     layout_loops_cross, kennysheep_mini_moat,
          nemelex_xobeh_ov_fountains_minmay, uniq_snorg, uniq_erolcha
D:11:     layout_gridville, lair_entry_dummy, portal_ice_cave_demonic_guard,
          uniq_fannar
D:12:     layout_roguey, david_orc_4, serial_shops,
          nicolae_shop_window_shopping, serial_undead, serial_undead_b,
          serial_undead_a, serial_undead_e, serial_undead_f, st_stairs_12,
          minmay_evil_grid
D:13:     layout_long_grid
D:14:     layout_rooms, skrybe_vaults_entry_preservation, dreamdust_wishing_well
D:15:     gammafunk_depths_entry_grave, layout_long_grid
Temple:   hellmonk_temple_of_storms
Lair:1:   layout_hall_layers, fungi_pond_lemuel, beast_lair_carwin_2,
          infiniplex_staircase_pool_2, lemuel_fruit_tree, grunt_megastairs_3
Lair:2:   layout_regular_city, minmay_shoals_entry_hut, roderic_batcave,
          cheibrodos_lair_reptile_den
Lair:3:   layout_regular_city, nicolae_spider_entry_tight_spaces
Lair:4:   layout_gridlike, slime_entry_1
Lair:5:   hellmonk_lair_end_abyssal_woods, layout_layer_cave,
          grunt_megastairs_2, infiniplex_staircase_pool
Shoals:1: layout_shoals
Shoals:2: layout_shoals, nicolae_shop_clearance
Shoals:3: layout_shoals, nicolae_shoals_abyss_on_the_beach
Shoals:4: shoals_end_hangedman, layout_shoals, serial_shops, shop,
          nicolae_shop_just_a_little_nook, shop
Spider:1: layout_chambers, gammafunk_ghost_necromancy
Spider:2: spiders_nest_a, uniq_agnes
Spider:3: layout_spider_delve
Spider:4: johnstein_spider_rune_arachne_lair, nicolae_spider_solar_radiation
Slime:1:  layout_caves
Slime:2:  layout_caves, cheibrodos_slime_lost_civilization_5
Slime:3:  layout_caves, nicolae_slime_welcoming_committee
Slime:4:  layout_caves, special_room [special_room_jelly]
Slime:5:  slime_pit_nicolae_trefoil
Orc:1:    layout_caves, nicolae_orc_quarried_blocks
Orc:2:    kennysheep_orc_mage_school, layout_diamond_mine
Elf:1:    layout_loops_corners, gammafunk_ghost_wrathful_warriors,
          evilmike_minifort, corexii_leaking_fountain, hangedman_aerie_drop
Elf:2:    elven_hall_of_blades_hangedman_original [mumra_blade_entry_dagger],
          layout_onion_city, serial_shops, nicolae_shop_scrapyard,
          nicolae_shop_back_alley_shop, shop, shop, grunt_ministairs_10,
          lemuel_flamethrower_1, uniq_aizul, uniq_azrael, uniq_louise
Elf:3:    minmay_elf_hall_four_x, layout_geoelf_castle, basic_altar,
          serial_shops, shop, nicolae_elf_loose_elemental_storage
Vaults:1: ontoclasm_vaults_eye, nicolae_vaults_windows_and_doors_thing,
          ontoclasm_vaults_pinch, nicolae_vaults_offset_grid_hallway_3,
          grunt_vaults_trifunnel, ontoclasm_vaults_ligature,
          nicolae_vaults_house_2, v_misc_4, vaults_mumra_minichess_inversion,
          hangedman_vaults_stagger, nicolae_vaults_crenellated_ambush,
          nicolae_vaults_offset_grid_hallway_1, nicolae_vaults_little_squares_5,
          nicolae_vaults_house_2, layout_vaults_omnibox, serial_shops, shop,
          uniq_norris
Vaults:2: gammafunk_ghost_ooze, v_misc_11, nicolae_vaults_ring_of_whatevers,
          minmay_crypt_entry_nasty_monster, v_rooms_2, hangedman_vaults_trim,
          vaults_room_fancy_cross, vaults_standard_mumra_enter_the_diamond,
          vaults_mumra_lcd, layout_vaults_omnicross, serial_shops,
          nicolae_square_shop
Vaults:3: v_misc_19, hangedman_vaults_stream, hangedman_vaults_variations,
          v_pattern_1, nicolae_vaults_what_the_h, grunt_vaults_focal,
          serial_library_hellmonk_angled_corner, hangedman_vaults_locks,
          nicolae_vaults_cochlea, v_misc_29, layout_vaults_ring, serial_shops,
          shop, uniq_mennas
Vaults:4: nicolae_vaults_taking_the_gang_shopping,
          nicolae_vaults_stairing_the_circle, vaults_dpeg_spiral,
          dpeg_vaults_waves, nicolae_vaults_six-pack, vaults_room_pools,
          nicolae_vaults_tetromino_T_1, nicolae_vaults_layer_cake_slice,
          nicolae_vaults_tetromino_T_1, layout_vaults_chaotic_city
Vaults:5: uniq_frederick, uniq_mara
Crypt:1:  layout_misc_corridors, uniq_boris
Crypt:2:  layout_misc_corridors
Crypt:3:  due_elkab, layout_chaotic_city, nicolae_tomb_entry_rubble_hallway
Depths:1: layout_small_grid, ebering_ghost_reflecting_pool,
          grunt_hell_entry_demonic_statue, slow_altar_2, grunt_megastairs_5
Depths:2: gammafunk_mikee_crab_dinner, layout_long_grid, enter_ziggurat_e,
          rand_demon_pan_entry_7, hell_entry
Depths:3: wad_arrow_thing, layout_cave_pools, pan_entry, abyss_entry,
          serial_bayou_pond_c, hell_entry, minmay_shoptagon, uniq_grunn
Depths:4: lemuel_castle_with_subvaults [lemuel_castle_interior_carwin_2],
          layout_long_grid, fedhas_altar_4, hell_entry, nicolae_specific_store,
          nicolae_lava_and_water, minmay_strange_pillars
Zot:1:    layout_onion, regret_index_zotdec_onion_hex, grunt_megastairs_4,
          uniq_vv
Zot:2:    layout_concentric_octagons
Zot:3:    layout_gridlike, regret_index_zotdec_plus
Zot:4:    layout_cathedral_of_symmetry
Zot:5:    layout_twisted_circle, ebering_ghost_rock_garden

Skill      XL: |  1  2  3  4  5  6  7  8  9 10 11 12 13 14 15 16 17 18 19 20 21 22 23 24 25 26 27 |
---------------+----------------------------------------------------------------------------------+-----
Spellcasting   | 3 4 5 6 7 9 10 11 13 15 17 18 19 23 | 23.0
Conjurations   | 1 |  1.2
Alchemy        | 4 5 6 7 9 10 11 12 13 | 13.0
Stealth        | 4 5 6 7 9 12 15 16 18 21 23 24 25 26 27 | 27.0
Hexes          | 2 3 5 8 9 10 11 12 13 15 16 18 20 | 20.8
Air Magic      | 1 2 3 4 |  4.0
Short Blades   | 5 7 10 | 10.0
Invocations    | 4 5 7 8 10 12 | 12.0
Fighting       | 2 3 4 5 6 9 10 | 10.0
Fire Magic     | 1 2 |  2.0
Evocations     | 5 7 8 10 11 15 17 19 20 21 25 | 25.3
Dodging        | 5 10 11 12 13 15 16 18 19 21 22 23 24 27 | 27.0
Earth Magic    | 3 5 |  5.0
Necromancy     | 2 4 7 |  7.0
Shapeshifting  | 7 11 14 20 23 | 23.0
Translocations | 6 10 | 10.0
Armour         | 1 8 |  8.9

Action                     |  1- 3 |  4- 6 |  7- 9 | 10-12 | 13-15 | 16-18 | 19-21 | 22-24 | 25-27 || total
---------------------------+-------+-------+-------+-------+-------+-------+-------+-------+-------++-------
  Melee: Unarmed           |    17 |     5 |       |       |       |       |       |       |       ||    22
         Dagger            |       |    17 |   136 |   258 |   543 |   498 |   614 |       |       ||  2066
         Punch             |       |       |     3 |     6 |       |       |       |       |       ||     9
         Quick blade       |       |       |       |       |       |       |   166 |  1577 |  3176 ||  4919
  Throw: Boomerang         |       |     1 |       |       |       |       |       |       |       ||     1
   Cast: Sting             |    53 |   103 |   157 |    64 |     6 |     5 |       |       |       ||   388
         Olgreb's Toxic Ra |       |       |    18 |    93 |   106 |   121 |    40 |     1 |       ||   379
         Mephitic Cloud    |       |       |     2 |    12 |     8 |    10 |    55 |    28 |     4 ||   119
         Confusing Touch   |       |       |     7 |    18 |    49 |    24 |    26 |     1 |       ||   125
         Ensorcelled Hiber |       |       |       |    40 |    84 |   154 |   217 |   112 |    27 ||   634
         Sticky Flame      |       |       |       |       |     2 |    55 |    37 |     7 |    12 ||   113
         Dispel Undead     |       |       |       |       |       |    12 |       |     5 |    23 ||    40
         Borgnjor's Vile C |       |       |       |       |       |     8 |    68 |    32 |    34 ||   142
         Swiftness         |       |       |       |       |       |     1 |     2 |       |       ||     3
         Passwall          |       |       |       |       |       |     2 |       |       |     3 ||     5
         Enfeeble          |       |       |       |       |       |       |    23 |   247 |   412 ||   682
         Yara's Violent Un |       |       |       |       |       |       |       |    36 |    22 ||    58
         Apportation       |       |       |       |       |       |       |       |     1 |     3 ||     4
         Blink             |       |       |       |       |       |       |       |     1 |     6 ||     7
         Discord           |       |       |       |       |       |       |       |       |    11 ||    11
 Invoke: Shadow Step       |       |       |       |       |     1 |     1 |       |       |       ||     2
Ability: Siphon Essence    |       |       |       |       |       |       |       |       |     1 ||     1
  Evoke: Wand              |       |     3 |       |     4 |     3 |     8 |    22 |    26 |    40 ||   106
         Box of beasts     |       |       |       |       |       |     1 |     2 |     1 |     3 ||     7
         Phial of floods   |       |       |       |       |       |     1 |     1 |       |       ||     2
         Phantom mirror    |       |       |       |       |       |       |       |       |     1 ||     1
    Use: Scroll            |     2 |     3 |     6 |     5 |    12 |    10 |    14 |     8 |    27 ||    87
         Potion            |       |       |       |       |     4 |    12 |     5 |     6 |    18 ||    45
   Stab: Sleeping          |       |     3 |    11 |    44 |   141 |   187 |   338 |   173 |   112 ||  1009
         Paralysed         |       |     3 |       |       |     1 |     2 |     2 |     3 |       ||    11
         Distracted        |       |     1 |       |       |     7 |     3 |     4 |    13 |    42 ||    70
         Confused          |       |       |     5 |    16 |    50 |    26 |    67 |    33 |     1 ||   198
         Petrified         |       |       |     1 |       |       |       |       |       |       ||     1
         Invisible         |       |       |       |       |     4 |     2 |    19 |   269 |   435 ||   729
 Armour: Robe              |    11 |    19 |    53 |    53 |    82 |   170 |   128 |   261 |   289 ||  1066
  Dodge: Dodged            |    21 |    44 |   190 |   248 |   463 |   819 |   514 |  1092 |  1532 ||  4923
   Form: Death             |       |       |       |       |       |       |       |       |     4 ||     4
                           |       |       |       |       |       |       |       |       |     3 ||     3
